 Dungeon Crawl Stone Soup version 0.24-a0-250-g6074511 (webtiles) character file.

Game seed: 13924208532259602189

7 Veiltonx the Sneak (level 1, 0/9 HPs)
             Began as a Spriggan Enchanter on Apr 14, 2019.
             Slain by a hobgoblin
             ... wielding a +0 club
              (5 damage)
             ... on level 1 of the Dungeon.
             The game lasted 00:02:15 (476 turns).

Veiltonx the Sneak (Spriggan Enchanter)              Turns: 476, Time: 00:02:16

Health: 0/9        AC:  2    Str:  4    XL:     1   Next: 83%
Magic:  2/5        EV: 18    Int: 16    God:
Gold:   16         SH:  0    Dex: 16    Spells: 5/6 levels left

rFire    . . .     SeeInvis +   a - +1 dagger
rCold    . . .     Gourm    .   (shield restricted)
rNeg     . . .     Faith    .   b - +0 robe
rPois    .         Spirit   .   (helmet restricted)
rElec    .         Reflect  .   (no cloak)
rCorr    .         Harm     .   (gloves unavailable)
MR       .....                  (boots unavailable)
Stlth    +++.......             (no amulet)
HPRegen  0.03/turn              (no ring)
MPRegen  0.09/turn              (no ring)

@: very quick
A: very small, unfitting armour, see invisible, herbivore, speed 3, slow
metabolism 2
a: no special abilities


You were on level 1 of the Dungeon.
You were not hungry.

You visited 1 branch of the dungeon, and saw 1 of its levels.

You collected 16 gold pieces.

Inventory:

Hand Weapons
 a - a +1 dagger (weapon)
Missiles
 h - 2 tomahawks (quivered)
Armour
 b - a +0 robe (worn)
Scrolls
 c - 2 scrolls of identify {unknown}
 e - a scroll of enchant armour {unknown}
 f - a scroll of teleportation {unknown}
Potions
 g - a potion of curing {unknown}
Comestibles
 d - 2 rations


   Skills:
 - Level 1.1 Short Blades
 - Level 3.0 Dodging
 - Level 4.4 Stealth
 + Level 3.1 Spellcasting
 + Level 3.9 Hexes


You had 5 spell levels left.
You knew the following spells:

 Your Spells              Type           Power        Failure   Level  Hunger
a - Corona                Hex            ###....      3%          1    #......

Your spell library contained the following spells:

 Spells                   Type           Power        Failure   Level  Hunger
 Confuse                  Hex            ###.....     11%         3    ###....
 Tukima's Dance           Hex            ###.....     11%         3    ###....
 Ensorcelled Hibernation  Hex/Ice        #.....       12%         2    ##.....
 Dazzling Spray           Conj/Hex       #.....       24%         3    ###....


Dungeon Overview and Level Annotations

Branches:
Dungeon (1/15)

Altars:


Innate Abilities, Weirdness & Mutations

You are very small and have problems with some larger weapons.
You are too small for most types of armour.
You have supernaturally acute eyesight. (SInv)
You are a herbivore.
You cover ground extremely quickly.
You need to consume almost no food.


Message History

The hobgoblin barely resists.
The hobgoblin hits you but does no damage.
You barely miss the hobgoblin. You hit the hobgoblin.
The hobgoblin is lightly wounded.
The hobgoblin barely misses you.
Casting: Corona (safe; 3% risk of failure)
Confirm with . or Enter, or press ? or * to list all spells.
Aiming: Corona (safe; 3% risk of failure)
Press: ? - help, Shift-Dir - straight line, f/p - hobgoblin
Aim: a hobgoblin, wielding a +0 club (lightly wounded, chance to defeat MR: 69%)
The hobgoblin barely resists.
The hobgoblin hits you with a +0 club.
Casting: Corona (safe; 3% risk of failure)
Confirm with . or Enter, or press ? or * to list all spells.
Aiming: Corona (safe; 3% risk of failure)
Press: ? - help, Shift-Dir - straight line, f/p - hobgoblin
Aim: a hobgoblin, wielding a +0 club (lightly wounded, chance to defeat MR: 69%)
The hobgoblin is outlined in light.
The hobgoblin hits you with a +0 club.
Ouch! That really hurt!
You die...

###..........# ########.#
#............####...).....
#.#.............#.######.#
#.........#...#.#.# #.#
#..###............# #.#
#..# #........##########..
#..# ####$.#....>......###
#..# #..#.#########.# #
#..# #@.#.# #.# # #..#
#g.#. #.# # #..) ..... #.#
# ##.# ##.....########.###
#.................
###....#######.### ......
#.# #.#.## #.# #.#


You could see a hobgoblin.

Vanquished Creatures
  A ball python (D:1)
  3 bats (D:1)
  A frilled lizard (D:1)
  A kobold (D:1)
  2 rats (D:1)
8 creatures vanquished.

Notes
Turn   | Place    | Note
-------+----------+-------------------------------------------
     0 | D:1      | Veiltonx the Spriggan Enchanter began the quest for the
                  | Orb.
     0 | D:1      | Reached XP level 1. HP: 9/9 MP: 5/5
   476 | D:1      | Slain by a hobgoblin

Levels and vault maps discovered:
D:1:      minmay_arrival_open_corners, layout_loops_ring, minmay_tetromino_i4

Skill      XL: |  1 |
---------------+----+-----
Spellcasting   | 3 |  3.1
Short Blades   | |  1.1
Dodging        | |  3.0
Stealth        | |  4.4
Hexes          | |  3.9

Action                   || total
-------------------------++-------
Melee: Dagger            ||    25
 Cast: Corona            ||     4
 Stab: Sleeping          ||     3
Armor: Robe              ||     8
Dodge: Dodged            ||    34

Table legend:
 A = Non-vault XP
 B = Vault XP
 C = Vault XP percentage of total XP
 D = Non-vault monster count
 E = Vault monster count
 F = Vault count percentage of total count
                 A         B        C        D         E       F
            +---------+---------+-------+---------+---------+-------
      Total |      10 |       0 |   0.0 |       8 |       0 |   0.0
            +---------+---------+-------+---------+---------+-------
        D:1 |      10 |       0 |   0.0 |       8 |       0 |   0.0
            +---------+---------+-------+---------+---------+-------
